 Dungeon Crawl Stone Soup version 0.28-a0-957-g42eb19b844 (console) character file.

Game seed: 1534082063289574302

49 petzl the Vexing (level 3, -1/23 HPs)
             Began as an Octopode Arcane Marksman on Nov 30, 2021.
             Slain by an orc (6 damage)
             ... on level 1 of the Dungeon.
             The game lasted 00:03:53 (2100 turns).

petzl the Vexing (Octopode Arcane Marksman)         Turns: 2100, Time: 00:03:54

Health: -1/23      AC:  1    Str:  9    XL:     3   Next: 77%
Magic:  6/6        EV: 13    Int: 17    God:
Gold:   47         SH:  0    Dex: 12    Spells: 5/6 levels left

rFire   . . .      SeeInvis .   a - +0 short sword
rCold   . . .      Faith    .   (no shield)
rNeg    . . .      Spirit   .   (helmet restricted)
rPois   .          Reflect  .   (no amulet)
rElec   .          Harm     .   (no ring)
rCorr   .          Rampage  .   (no ring)
Will    .....                   (no ring)
Stlth   +++.......              (no ring)
HPRegen 0.07/turn               (no ring)
MPRegen 0.10/turn               (no ring)
                                (no ring)
                                (no ring)

@: no status effects
A: almost no armour, amphibious, 8 rings, camouflage 1, gelatinous body 1,
(nimble swimmer 1), tentacles
a: no special abilities


You were on level 1 of the Dungeon.
You visited 1 branch of the dungeon, and saw 3 of its levels.

You collected 47 gold pieces.

Inventory:

Hand Weapons
 a - a +0 short sword (weapon)
 b - a +0 hand crossbow
Missiles
 c - 19 bolts
 d - 16 poisoned darts (quivered)
 k - a throwing net
Magical Staves
 e - a staff of air
Scrolls
 g - 2 scrolls of identify {unknown}
 j - a scroll of teleportation {unknown}
Potions
 f - 2 potions of curing {unknown}
 h - a potion of brilliance {unknown}
 i - a potion of flight {unknown}


   Skills:
 + Level 1.5 Fighting
 + Level 2.5 Crossbows
 + Level 2.3 Dodging
 + Level 1.6 Stealth
 * Level 2.0 Spellcasting
 - Level 3.0 Hexes


You had 5 spell levels left.
You knew the following spells:

 Your Spells              Type           Power      Damage    Failure   Level
a - Slow                  Hex            44%        N/A       5%          1

Your spell library contained the following spells:

 Spells                   Type           Power      Damage    Failure   Level
 Inner Flame              Hex/Fire       6%         N/A       30%         3
 Portal Projectile        Hex/Tloc       12%        N/A       30%         3
 Cause Fear               Hex            5%         N/A       50%         4


Dungeon Overview and Level Annotations

Branches:
Dungeon (3/15)

Altars:


Innate Abilities, Weirdness & Mutations

You cannot wear most types of armour.
You are amphibious.
You can wear up to eight rings at the same time.
Your skin changes colour to match your surroundings (Stealth+).
Your rubbery body absorbs attacks. (AC +1, EV +1)
((You are camouflaged near water. (Stealth+)))
You have tentacles for arms and can constrict up to eight enemies at once.


Message History

You are too injured to fight recklessly!
You are too injured to fight recklessly!
You are too injured to fight recklessly!
You are too injured to fight recklessly!
You are too injured to fight recklessly!
Fire: 20 bolts
Press: ? - help, Q - select action, (/) - cycle Shift-Dir - straight line, f/p - orc
Aim: an orc, wielding a +0 short sword and wearing a +0 scale mail (heavily wounded, 65% to hit)
You shoot a bolt.
The bolt hits the orc but does no damage.
The orc is heavily wounded.
The orc hits you with a +0 short sword.
* * * LOW HITPOINT WARNING * * *
The orc completely misses you.
There is a stone staircase leading up here.
The orc hits you with a +0 short sword.
* * * LOW HITPOINT WARNING * * *
You climb upwards.
There is a stone staircase leading down here.
The orc misses you.
There is an open door here.
Unknown command.
Unknown command.
Unknown command.
There is an open door here.
There is an open door here.
An orc is nearby!
An orc is nearby!
There is an open door here.
a - a +0 short sword (weapon)
You barely miss the orc. You grab the orc. You squeeze the orc.
The orc is heavily wounded.
You constrict the orc, but do no damage.
The orc hits you with a +0 short sword.
You hit the orc but do no damage.
The orc is heavily wounded.
You constrict the orc. The orc hits you with a +0 short sword.
* * * LOW HITPOINT WARNING * * *
The orc hits you with a +0 short sword.
You die...

#.# #####.######## ############
.............######### #..........#
.....................# #..........#
.............#######.## #####..........#
......................######...#..........#
#####################............>........#
#.## #.## #..........#..........# # #..##
#..## #..........#..........# ##
#...###...###.##'##....#..........# .##
#....##.<..##.##.##....#..........# ..##
#.[...'.....#.##.##....#..........# ...##
#'#####'#####.##.##....############ #...##
#.## #.## #.##.##....# ##...## #..## #..##
#.##.##.################
##...###...###...###.##.##'##.............#
####...##.⌠..##....##.##...................#
........'.....'.....#.##...................#
#####################..#@..........(.......#
..............# ##.#o##.##.............#
#############.########.#.##.##.............#
#.......##.##....##.#.##.##.............#
#.......##.##....##.#.##.##.............#
#.......##.##....##...##.##.............#
#.......##.##....###..##.##.............#
#.......##.##....# #..##.##.............#
####..........##....###..##.##.............#
..............''....'....##.##.............#
######.####...##)...###..##.######....######
.....#.# ######....###..##.# #....# .###.#.#
#.........##.# #....# .#...#.#
#####..........#.# #....# .#####.#
###...........)..#.# #....#
.......###........#####.#...######....#
##....................#...............#
##............(...########..##........#
.'.........................>##........#


You could see an orc.

Vanquished Creatures
  An adder (D:2)
  A dart slug (D:2)
  3 bats
  6 endoplasms
  A giant cockroach (D:1)
  A goblin (D:1)
  A hobgoblin (D:2)
  10 jackals
  A ball python (D:1)
  4 frilled lizards (D:1)
  3 kobolds
  A rat (D:1)
33 creatures vanquished.

Notes
Turn   | Place    | Note
-------+----------+-------------------------------------------
     0 | D:1      | petzl the Octopode Arcane Marksman began the quest for the
                  | Orb.
     0 | D:1      | Reached XP level 1. HP: 13/13 MP: 2/2
   153 | D:1      | Reached XP level 2. HP: 17/18 MP: 3/3
   302 | D:1      | Reached skill level 1 in Stealth
   951 | D:2      | Reached XP level 3. HP: 17/23 MP: 5/5
  2100 | D:1      | Slain by an orc

Illustrated notes

Levels and vault maps discovered:
D:1:      dpeg_arrival_triangle_fractal, layout_basic
D:2:      layout_basic, hangedman_feature_mirror
D:3:      layout_basic, old_standard_altar, kennysheep_generic_room_11

Skill      XL: |  1  2  3 |
---------------+----------+-----
Stealth        | 1 |  1.6
Spellcasting   | 2 |  2.0
Fighting       | |  1.5
Crossbows      | |  2.5
Dodging        | |  2.3
Hexes          | |  3.0

Action                   || total
-------------------------++-------
Melee: Short sword       ||     9
       Constrict         ||     3
       Tentacles         ||     5
 Fire: Hand crossbow     ||    69
Armor: Skin              ||     4
Dodge: Dodged            ||    27

Table legend: (Time is in decaauts)
 A = Elapsed time spent in this place.
 B = Non-inter-level travel time spent in this place.
 C = Inter-level travel time spent in this place.
 D = Time resting spent in this place.
 E = Time spent auto-exploring this place.
 F = Levels seen in this place.
 G = Mean time per level.
                   A        B        C        D        E       F      G
               +--------+--------+--------+--------+--------+-----+--------+
         Total |   2126 |   1928 |    198 |    238 |   1291 |   3 |  708.7 |
       Dungeon |   2126 |   1928 |    198 |    238 |   1291 |   3 |  708.7 |
               +--------+--------+--------+--------+--------+-----+--------+

Top non-repeatable levels by time:
     D:1: 1103 daAuts
     D:2: 975 daAuts
     D:3: 47 daAuts
